 Dungeon Crawl Stone Soup version 0.22-a0-135-g6f012ad (webtiles) character file.

39 KristoblXynda the Magician (level 3, -4/26 HPs)
             Began as a Minotaur Wizard on Feb 1, 2018.
             Slain by Natasha (7 damage)
             ... on level 2 of the Dungeon.
             The game lasted 00:03:12 (2042 turns).

KristoblXynda the Magician (Minotaur Wizard)        Turns: 2042, Time: 00:03:13

Health: -4/26      AC:  2    Str: 11    XL:     3   Next: 28%
Magic:  0/6        EV: 12    Int: 16    God:
Gold:   76         SH:  0    Dex:  8    Spells: 3/7 levels left

rFire    . . .     SeeInvis .   g - +0 spear (curse)
rCold    . . .     Gourm    .   (no shield)
rNeg     . . .     Faith    .   a - +0 robe
rPois    .         Spirit   .   b - +0 hat
rElec    .         Reflect  .   (no cloak)
rCorr    .         Harm     .   (no gloves)
MR       .....                  (no boots)
Stlth    +.........             (no amulet)
HPRegen  0.08/turn              (no ring)
MPRegen  0.10/turn              (no ring)

@: no status effects
A: retaliatory headbutt, horns 2
a: no special abilities


You were on level 2 of the Dungeon.
You were not hungry.

You visited 1 branch of the dungeon, and saw 2 of its levels.

You collected 76 gold pieces.

Inventory:

Hand Weapons
 g - a cursed +0 spear (weapon)
Armour
 a - a +0 robe (worn)
 b - a +0 hat (worn)
Scrolls
 h - a scroll of random uselessness {unknown}
 i - 2 scrolls of remove curse
 k - a scroll of noise {unknown}
 m - a scroll of amnesia {unknown}
Potions
 e - a potion of haste {unknown}
 f - a potion of might {unknown}
 j - a potion of berserk rage {unknown}
Books
 c - a book of Minor Magic

   Spells                             Type                      Level
   a - Magic Dart                     Conjuration                  1
   b - Blink                          Translocation                2
   c - Call Imp                       Summoning                    2
   d - Slow                           Hexes                        2
   e - Conjure Flame                  Conjuration/Fire             3
   f - Mephitic Cloud                 Conjuration/Poison/Air       3
Comestibles
 d - 6 rations


   Skills:
 - Level 2.1 Dodging
 - Level 1.5 Stealth
 + Level 2.7 Spellcasting
 + Level 1.7 Conjurations
   Level 0.6 Summonings
   Level 0.6 Translocations


You had 3 spell levels left.
You knew the following spells:

 Your Spells              Type           Power        Failure   Level  Hunger
a - Magic Dart            Conj           #...         10%         1    #......
b - Mephitic Cloud        Conj/Pois/Air  #.......     41%         3    ###....


Dungeon Overview and Level Annotations

Branches:
Dungeon (2/15)

Altars:

Annotations:
D:2 Natasha


Innate Abilities, Weirdness & Mutations

You reflexively headbutt those who attack you in melee.
You have a pair of horns on your head.


Message History

Natasha is almost dead.
Natasha claws you!
* * * LOW HITPOINT WARNING * * *
The shadow imp misses you.
Unknown command.
You closely miss Natasha.
Natasha is almost dead.
Natasha claws you.
* * * LOW HITPOINT WARNING * * *
The shadow imp misses you.
Unknown command.
Casting: Magic Dart (safe; 10% risk of failure)
Confirm with . or Enter, or press ? or * to list all spells.
Aiming: Magic Dart (safe; 10% risk of failure)
Press: ? - help, Shift-Dir - straight line, f/p - Natasha
Aim: Natasha (almost dead)
The magic dart hits Natasha.
Natasha is almost dead.
Natasha claws you!
You die...

# # # ######### ###### #
#.......# #....#
###.......######....#
.....).........#@...#
###....^..####.)h5..# #
#..)....####..5...#
###.......##...#....#
.##......(#..###....#
..........#.####....#*****
##....................,,,*
##...#####.#######.....,,*
#..#######.# *.....,,*


You could see Natasha, a crimson imp and a shadow imp.

Vanquished Creatures
  An ooze (D:1)
  A dart slug (D:2)
  A giant cockroach (D:1)
  6 goblins
  8 hobgoblins
  4 kobolds (D:1)
  A quokka (D:1)
  A ball python (D:1)
  4 bats
  A frilled lizard (D:1)
  2 rats
30 creatures vanquished.

Notes
Turn   | Place    | Note
-------+----------+-------------------------------------------
     0 | D:1      | KristoblXynda the Minotaur Wizard began the quest for the Orb.
     0 | D:1      | Reached XP level 1. HP: 14/14 MP: 2/2
   262 | D:1      | Reached skill level 1 in Conjurations
   344 | D:1      | Reached XP level 2. HP: 15/20 MP: 4/4
  1355 | D:2      | Noticed a crimson imp
  1358 | D:1      | Reached XP level 3. HP: 24/26 MP: 5/5
  1363 | D:1      | Learned a level 3 spell: Mephitic Cloud
  2030 | D:2      | Noticed Natasha
  2042 | D:2      | Slain by Natasha

Vault maps used:
D:1:      dpeg_arrival_long_road, minmay_heptomino_h4
D:2:      lemuel_crystal_altar, chequers_ecumenical_altar_simple,
          hangedman_decor_lopped, uniq_natasha

Skill      XL: |  1 |
---------------+----+-----
Conjurations   | 1 |  1.7
Dodging        | |  2.1
Stealth        | |  1.5
Spellcasting   | |  2.7
Summonings     | |  0.6
Translocations | |  0.6

Action                   || total
-------------------------++-------
Melee: Hand axe          ||    65
       Headbutt          ||     6
       Spear             ||    15
       Dagger            ||     4
 Cast: Magic Dart        ||    23
  Use: Potion            ||     1
       Scroll            ||     3
 Stab: Distracted        ||     1
  Eat: Chunk             ||     4
Armor: Robe              ||    19
Dodge: Dodged            ||    78

Table legend:
 A = Spawn XP
 B = Non-spawn XP
 C = Spawn XP percentage of total XP
 D = Spawn monster count
 E = Non-spawn monster count
 F = Spawn count percentage of total count
 G = Total turns spent on level
                    A         B        C        D         E        F      G
               +---------+---------+-------+---------+---------+-------+---------
         Total |       0 |      57 |   0.0 |       0 |      30 |   0.0 |  2042
               +---------+---------+-------+---------+---------+-------+---------
           D:1 |       0 |      41 |   0.0 |       0 |      21 |   0.0 |  1789
           D:2 |       0 |      16 |   0.0 |       0 |       9 |   0.0 |   253
               +---------+---------+-------+---------+---------+-------+---------
